 Dungeon Crawl Stone Soup version 0.31.0-11-ge490571c62 (webtiles) character file.

Game seed: 7149498382096558664

312180 qw the Intangible (level 20, 0/120 HPs)
             Began as a Spriggan Hunter on Feb 3, 2024.
             Was a High Priest of Okawaru.
             Slain by Sojobo
             ... wielding a +0 great sword of electrocution
              (1 damage)
             ... while paralysed by an air elemental
             ... on level 1 of the Depths.
             The game lasted 00:07:55 (33664 turns).

qw the Intangible (Spriggan Hunter)                Turns: 33664, Time: 00:07:56

Health: 0/120      AC: 16    Str: 13    XL:     20   Next: 43%
Magic:  28/28      EV:  4    Int: 13    God:    Okawaru [*****.]
Gold:   721        SH:  0    Dex: 35    Spells: 19/19 levels left

rFire   + . .        v - +7 arbalest (heavy)
rCold   + . .        (shield currently unavailable)
rNeg    + . .        k - +7 swamp dragon scales of the Valley of Death {rPois Regen+ Dex+3}
rPois   +            (helmet restricted)
rElec   .            r - scarf {rC+ rF+}
rCorr   .            (gloves unavailable)
SInv    +            (boots unavailable)
Will    +++..        u - amulet of faith
Stlth   ++           d - +5 ring of evasion
HPRegen 1.20/turn    i - ring "Hesoi" {rN+ Str+6 Dex+7}
MPRegen 0.21/turn

%: faith
@: paralysed, finesse-ful, very quick
A: very small, no large weapons, unfitting armour, see invisible, speed 3
}: 2/15 runes: serpentine, barnacled
a: Renounce Religion, Heroism, Finesse, Duel


You were on level 1 of the Depths.
You worshipped Okawaru.
Okawaru was extremely pleased with you.
You visited 8 branches of the dungeon, and saw 36 of its levels.
You also visited: Ossuary.

You collected 3591 gold pieces.
You spent 2870 gold pieces at shops.


Innate Abilities, Weirdness & Mutations

You are very small and have problems with some larger weapons.
You are too small for most types of armour.
You have supernaturally acute eyesight. (SInv)
You cover ground extremely quickly. (Speed+++)


   Skills:
 + Level 18.5 Fighting
 - Level 18.0 Ranged Weapons
 - Level 9.0 Armour
 O Level 27 Dodging
 - Level 1.5 Stealth
 - Level 10.0 Invocations


You had 19 spell levels left.
You didn't know any spells.
Your spell library was empty.

Inventory:

Hand Weapons
 v - a +7 heavy arbalest (weapon)
Armour
 c - a +2 cloak
 k - the +7 swamp dragon scales of the Valley of Death (worn) {rPois Regen+ Dex+3}
   (You bought it in a shop on level 2 of the Orcish Mines)

   Dex+3:     It affects your dexterity (+3).
   rPois:     It protects you from poison Regen+: It increases your rate of
   health regeneration.
 r - a scarf of resistance (worn)
Jewellery
 d - a +5 ring of evasion (left hand)
 i - the ring "Hesoi" (right hand) {rN+ Str+6 Dex+7}
   (You found it on level 9 of the Dungeon)

   [ring of strength]

   Str+6:     It affects your strength (+6).
   Dex+7:     It affects your dexterity (+7).
   rN+:       It protects you from negative energy.
 l - an amulet of regeneration
 u - an amulet of faith (around neck)
Wands
 a - a wand of polymorph (2)
 j - a wand of roots (34)
 m - a wand of light (11)
Scrolls
 e - 14 scrolls of teleportation
 h - 13 scrolls of identify
 o - 6 scrolls of enchant armour
Potions
 b - 16 potions of curing
 f - 3 potions of might
 g - 3 potions of haste
 n - 5 potions of mutation
 p - a potion of magic
 q - 4 potions of enlightenment
 w - 2 potions of heal wounds
 x - 2 potions of cancellation

Dungeon Overview and Level Annotations

Branches:
Dungeon (15/15)            Temple (1/1) D:6            Lair (5/5) D:8
 Shoals (4/4) Lair:2        Snake (4/4) Lair:3        Slime (0/5) Lair:5
    Orc (2/2) D:10            Elf (0/3) Orc:2        Vaults (4/5) D:13
  Crypt (0/3) Vaults:3     Depths (1/4) D:15        Ossuary (visited)

Altars:
Ashenzari
Cheibriados
Dithmenos
Elyvilon
Fedhas
Gozag
Hepliaklqana
Kikubaaqudgha
Makhleb
Nemelex Xobeh
Okawaru
Qazlal
Ru
Sif Muna
Trog
Uskayaw
Vehumet
Wu Jian
Xom
Yredelemnul
Zin
The Shining One
Jiyva

Shops:
D:5 [   D:8 ?   D:11 *   Orc:2 [[(:[(   Shoals:1 [   Snake:1 =::?   Snake:3 *
Vaults:1 *   Vaults:2 ?

Portals:
Abyss: D:10
Trove: D:12 (give 7 scrolls of fog)

Annotations:
D:8 2 transporters, qw's ghost, novice DjHu
D:10 2 transporters, qw's ghost, novice DEHu
D:12 2 transporters, exclusion: obsidian statue, Shukka's ghost, journeyman MiBe
Lair:1 2 transporters, 3 runed translucent doors, qw's ghost, novice SpHu
Lair:3 2 runed translucent doors, qw's ghost, journeyman SpHu
Lair:5 exclusion: lindwurm
Shoals:3 2 transporters, qw's ghost, adept GrHu
Depths:1 Sojobo


Message History

You shoot a bolt. The bolt barely misses Sojobo.
The air elemental completely misses you. x2
The tengu reaver hits you with a +0 great sword!
The tengu reaver completely misses you. x2; The air elemental misses you.
The air elemental hits you but does no damage.
You shoot a bolt. The bolt is repelled.
The air elemental completely misses you. x2
A deep troll comes into view.
Sojobo completely misses you. Sojobo misses you. Sojobo completely misses you.
The air elemental completely misses you. x2
The tengu reaver gestures at you while chanting.
The bolt of fire misses you.
You shoot a bolt. The bolt completely misses Sojobo.
The air elemental completely misses you.
The air elemental fires a burst of electricity at you.
The stunning burst misses you. Sojobo completely misses you.
Sojobo barely misses you. Sojobo completely misses you.
The air elemental closely misses you.
The air elemental hits you but does no damage.
You shoot a bolt. The bolt hits Sojobo!!
Sojobo is severely wounded.
The air elemental barely misses you.
The air elemental completely misses you.
The tengu reaver completely misses you. x2
The tengu reaver claws you but does no damage.
Sojobo misses you. Sojobo completely misses you. x2
The air elemental closely misses you.
The air elemental completely misses you.
You shoot a bolt. The bolt misses Sojobo.
The air elemental completely misses you.
The air elemental fires a burst of electricity at you.
The stunning burst hits you.
You suddenly lose the ability to move!
The tengu reaver hits you with a +0 great sword!
The tengu reaver pecks you but does no damage.
The tengu reaver claws you but does no damage.
A deep troll shaman comes into view.
Sojobo hits you with a +0 great sword of electrocution!!
Sojobo pecks you but does no damage. Sojobo claws you.
You die...
Sojobo says, "Just as planned."

#................# #.#
#.......)........+ #.#
###........# #.#
.'........# ####+##
#.....>..# #......
#..>...).#### #......
#.....E..+..# #......
#....QQE.##.# #
#......
#....E@..##.#.#
#......
######T####.#.#
#...... #.# #...
#...... #.####.#
#...... #####.T....#
#......
+.....####.#####......
####### #...[.'......
#######...... #......


You could see Sojobo (repels missiles), a tengu reaver (repels missiles), a deep
troll, a deep troll shaman and 3 air elementals.

Vanquished Creatures
  Boris (Vaults:1)
  Vashnia (Snake:4)
  Nikola (Shoals:4)
  Jorgrun (D:14)
  Rupert (Lair:3)
  Zenata (Vaults:1)
  A kraken (Shoals:3)
  Polyphemus (Shoals:4)
  2 sphinxes (Shoals:4)
  Kirke (D:13)
  Gastronok (D:8)
  Roxanne (D:14)
  An ancient champion (Vaults:3)
  A tengu reaver (Depths:1)
  6 nagarajas
  An azure jelly (Lair:4)
  3 vault wardens
  10 ironbound preservers
  3 formless jellyfish
  3 very ugly things (Vaults:3)
  5 ironbound thunderhulks
  2 stone giants
  Azrael (D:14)
  3 dire elephants (Vaults:4)
  2 war gargoyles (Vaults:4)
  2 minotaurs (Shoals:4)
  2 crystal guardians (Vaults:3)
  A fire dragon (D:15)
  2 merfolk impalers
  A merfolk javelineer (Shoals:3)
  Snorg (D:10)
  2 entropy weavers
  4 vault guards (D:13)
  6 great orbs of eyes
  4 yaktaur captains
  A sphinx zombie (Vaults:2)
  An ice dragon (Depths:1)
  3 peacekeepers
  6 hydras
  A catoblepas (Shoals:4)
  7 merfolk avatars
  10 centaur warriors
  2 alligator snapping turtles (Shoals:4)
  3 salamander tyrants
  5 boulder beetles
  A sphinx skeleton (Vaults:3)
  A deep troll shaman (Depths:1)
  2 ogre magi
  9 naga warriors
  7 ironbound frosthearts
  10 anacondas
  6 two-headed ogres
  3 death yaks (Shoals:4)
  16 satyrs
  5 tengu warriors
  4 shock serpents
  3 sun demons (D:13)
  3 orc high priests (Orc:2)
  18 naga sharpshooters
  Sonja (Lair:4)
  4 skysharks
  A hell knight (D:14)
  6 skeletal warriors (Vaults:3)
  31 deep trolls
  7 salamander mystics
  A golden dragon zombie (Vaults:3)
  14 sea snakes
  19 mana vipers
  12 naga ritualists
  6 arcanists
  4 lindwurms
  12 ironbound convokers
  10 orc knights
  27 ugly things
  A phantasmal warrior (Vaults:4)
  31 harpies
  5 necromancers
  A tengu skeleton (Vaults:3)
  2 deep elf pyromancers
  A fire giant zombie (Depths:1)
  Maurice (Orc:2)
  26 fauns
  5 orc sorcerers
  An oklob plant (Lair:5)
  8 cyclopes
  23 manticores
  21 salamanders
  A stone giant zombie (Depths:1)
  13 vault sentinels
  15 elephants
  3 meliai (D:14)
  23 merfolk sirens
  A frost giant skeleton (Depths:1)
  39 black mambas
  A smoke demon (D:13)
  4 guardian serpents
  3 kobold blastminers
  A gargoyle (D:12)
  11 cane toads
  15 naga magi
  A stone giant skeleton (Vaults:3)
  4 water nymphs
  2 rust devils
  Jeremiah (D:8)
  A yaktaur (Vaults:2)
  An orange demon (D:13)
  4 rime drakes
  An unseen horror (D:13)
  10 komodo dragons
  An efreet (D:13)
  4 tengu conjurers
  2 yaktaur skeletons (Vaults:3)
  An ice devil (D:13)
  18 merfolk
  A hellwing (D:13)
  2 polar bears
  A red devil (D:12)
  6 trolls
  An elf simulacrum (Vaults:2)
  5 wind drakes
  A tarantella (Vaults:1)
  A hornet (shapeshifter) (D:13)
  15 blink frogs
  8 snapping turtles
  6 dream sheep (Lair:5)
  2 ettin skeletons (Vaults:3)
  20 slime creatures
  61 yaks
  5 water elementals
  2 fire elementals (D:14)
  3 wraiths
  3 wyverns
  8 basilisks
  A fire bat (shapeshifter) (D:13)
  5 hogs (D:13)
  A yaktaur simulacrum (Vaults:2)
  4 steam dragons (D:8)
  4 redbacks
  Grum (D:8)
  3 chaos spawn
  2 wargs
  10 vampire mosquitoes (D:12)
  An ogre zombie (Vaults:3)
  An acid dragon (shapeshifter) (D:14)
  Menkaure (D:7)
  2 glowing shapeshifter zombies
  9 hell hounds
  48 nagas
  15 water moccasins
  3 acid dragons
  An ogre skeleton (Vaults:3)
  20 orc warriors
  3 ice beasts
  4 laughing skulls
  10 ogres
  2 black bears
  3 sky beasts
  3 boggarts (D:14)
  15 centaurs
  24 wolves
  2 kobold brigands
  9 bullfrogs
  An elf skeleton (D:4)
  5 scorpions
  5 wights (D:8)
  9 killer bees
  5 electric eels
  4 howler monkeys
  A lava snake (Lair:5)
  A bombardier beetle (D:3)
  A human simulacrum (Vaults:2)
  10 jellies
  5 hounds
  3 gnoll boudas
  17 orc priests
  5 human skeletons
  5 human zombies
  2 sleepcaps
  Natasha (D:2)
  2 iguanas (D:5)
  21 orc wizards
  11 hell rats
  2 hound zombies (Ossuary)
  4 mummies (Ossuary)
  4 gnolls
  3 adders (D:5)
  A shadow imp (D:6)
  4 ufetubi
  3 ribbon worms
  3 dart slugs
  65 orcs
  7 ball pythons
  9 endoplasms
  4 giant cockroaches
  A gnoll zombie (Ossuary)
  8 goblins
  9 hobgoblins
  15 kobolds
  4 quokkas
  6 bats
  2 frilled lizards (D:2)
  A goblin zombie (Ossuary)
  2 kobold zombies (Ossuary)
  10 rats
  4 rat zombies (Ossuary)
  3 tentacles (Shoals:3)
1314 creatures vanquished.

Vanquished Creatures (others)
  An ironbound convoker (Vaults:1)
  A guardian serpent (Snake:4)
  A human (D:9)
  7 tentacles (Shoals:3)
10 creatures vanquished.

Grand Total: 1324 creatures vanquished

Notes
Turn   | Place    | Note
-------+----------+-------------------------------------------
     0 | D:1      | qw the Spriggan Hunter began the quest for the Orb.
     0 | D:1      | Reached XP level 1. HP: 10/10 MP: 2/2
     0 | D:1      | 0 ||| qw: Version: 0.3-a-157-g843a77d
     0 | D:1      | 0 ||| qw: Game counter: 4014
     0 | D:1      | 0 ||| qw: Melee chars always use a shield: true
     0 | D:1      | 0 ||| qw: God list: Okawaru
     0 | D:1      | 0 ||| qw: Allow faded altars: false
     0 | D:1      | 0 ||| qw: Do Orc after clearing Dungeon:15 true
     0 | D:1      | 0 ||| qw: Do second Lair branch before Depths: true
     0 | D:1      | 0 ||| qw: Lair rune preference: random
     0 | D:1      | 0 ||| qw: Goals: Normal
     0 | D:1      | 0 ||| PLANNING D:1-11
    13 | D:1      | Reached skill level 3 in Dodging
   119 | D:1      | Reached XP level 2. HP: 14/14 MP: 3/3
   257 | D:1      | Reached skill level 4 in Dodging
   522 | D:1      | 522 ||| DROPPING scarf of shadows.
   523 | D:1      | 523 ||| DROPPING ring of wizardry.
   524 | D:1      | 524 ||| READING 3 scrolls labelled KEUMNEW KOUWOB.
   527 | D:1      | 527 ||| READING scroll labelled ERHAQU KITZUWA.
   527 | D:1      | 527 ||| IDENTIFYING puce potion
   528 | D:1      | 528 ||| READING scroll labelled QOOMUXT EFUGA.
   529 | D:1      | 529 ||| READING scroll labelled ISYTZA NYXEILA.
   529 | D:1      | 529 ||| ENCHANTING +0 shortbow.
   530 | D:1      | 530 ||| DROPPING scroll of butterflies.
   624 | D:2      | Reached XP level 3. HP: 18/18 MP: 4/4
   752 | D:2      | Noticed Natasha
   755 | D:2      | 755 ||| FLEEEEING.
   756 | D:2      | 756 ||| FLEEEEING.
   766 | D:2      | HP: 3/18 [Natasha (9)]
   767 | D:2      | 767 ||| READING 2 scrolls of teleportation.
   768 | D:2      | 768 ||| DRINKING potion of heal wounds.
   926 | D:2      | Killed Natasha
   927 | D:2      | Reached XP level 4. HP: 22/22 MP: 5/5
  1159 | D:2      | 1159 ||| DROPPING amulet of magic regeneration.
  1160 | D:2      | 1160 ||| READING scroll labelled SAXAMEAQIPT.
  1160 | D:2      | 1160 ||| ENCHANTING +0 shortbow.
  1161 | D:2      | 1161 ||| DRINKING 3 bubbling red potions.
  1503 | D:3      | Found a basalt altar of Yredelemnul.
  1563 | D:3      | 1563 ||| READING scroll of enchant weapon.
  1563 | D:3      | 1563 ||| ENCHANTING +1 shortbow.
  1642 | D:3      | Reached skill level 5 in Dodging
  1651 | D:3      | Reached XP level 5. HP: 20/26 MP: 6/6
  1702 | D:3      | Found a radiant altar of Vehumet.
  1853 | D:3      | 1853 ||| UPGRADING to +2 robe of cold resistance.
  1863 | D:3      | 1863 ||| DROPPING +0 robe.
  1864 | D:3      | 1864 ||| UPGRADING to +5 ring of evasion.
  1865 | D:3      | 1865 ||| READING scroll labelled SAERESS NEMIVYRI.
  1866 | D:3      | 1866 ||| READING scroll labelled TAUSEAXONI.
  1913 | D:3      | 1913 ||| DRINKING 2 green potions.
  1914 | D:3      | 1914 ||| FLEEEEING.
  1915 | D:3      | 1915 ||| FLEEEEING.
  1916 | D:3      | 1916 ||| FLEEEEING.
  1917 | D:3      | 1917 ||| FLEEEEING.
  1918 | D:3      | 1918 ||| FLEEEEING.
  1919 | D:3      | 1919 ||| FLEEEEING.
  1920 | D:3      | 1920 ||| FLEEEEING.
  1921 | D:3      | 1921 ||| FLEEEEING.
  1922 | D:3      | 1922 ||| FLEEEEING.
  1923 | D:3      | 1923 ||| FLEEEEING.
  1924 | D:3      | 1924 ||| FLEEEEING.
  1925 | D:3      | 1925 ||| FLEEEEING.
  1926 | D:3      | 1926 ||| FLEEEEING.
  1927 | D:3      | 1927 ||| FLEEEEING.
  1928 | D:3      | 1928 ||| FLEEEEING.
  1929 | D:3      | 1929 ||| FLEEEEING.
  1930 | D:3      | 1930 ||| FLEEEEING.
  1931 | D:3      | 1931 ||| FLEEEEING.
  1932 | D:3      | 1932 ||| FLEEEEING.
  1933 | D:3      | 1933 ||| FLEEEEING.
  1934 | D:3      | 1934 ||| FLEEEEING.
  1935 | D:3      | 1935 ||| FLEEEEING.
  1936 | D:3      | 1936 ||| FLEEEEING.
  1937 | D:3      | 1937 ||| FLEEEEING.
  1938 | D:3      | 1938 ||| FLEEEEING.
  1939 | D:3      | 1939 ||| FLEEEEING.
  1940 | D:3      | 1940 ||| FLEEEEING.
  1941 | D:3      | 1941 ||| FLEEEEING.
  1942 | D:3      | 1942 ||| FLEEEEING.
  1943 | D:3      | 1943 ||| FLEEEEING.
  1944 | D:3      | 1944 ||| FLEEEEING.
  1945 | D:3      | 1945 ||| STAIRDANCE
  1947 | D:2      | 1947 ||| FLEEEEING.
  1948 | D:2      | 1948 ||| FLEEEEING.
  1949 | D:2      | 1949 ||| FLEEEEING.
  1950 | D:2      | 1950 ||| FLEEEEING.
  1951 | D:2      | 1951 ||| FLEEEEING.
  1952 | D:2      | 1952 ||| FLEEEEING.
  1953 | D:2      | 1953 ||| FLEEEEING.
  1954 | D:2      | 1954 ||| FLEEEEING.
  1955 | D:2      | 1955 ||| FLEEEEING.
  1956 | D:2      | 1956 ||| FLEEEEING.
  1957 | D:2      | 1957 ||| FLEEEEING.
  1958 | D:2      | 1958 ||| FLEEEEING.
  1959 | D:2      | 1959 ||| FLEEEEING.
  1960 | D:2      | 1960 ||| FLEEEEING.
  1961 | D:2      | 1961 ||| FLEEEEING.
  1962 | D:2      | 1962 ||| FLEEEEING.
  1963 | D:2      | 1963 ||| FLEEEEING.
  1964 | D:2      | 1964 ||| FLEEEEING.
  1965 | D:2      | 1965 ||| FLEEEEING.
  1966 | D:2      | 1966 ||| FLEEEEING.
  1967 | D:2      | 1967 ||| FLEEEEING.
  1968 | D:2      | 1968 ||| DROPPING potion of berserk rage.
  1985 | D:4      | 1985 ||| PLANNING OSSUARY
  1985 | D:4      | 1985 ||| STAIRDANCE
  1989 | D:4      | 1989 ||| STAIRDANCE
  1993 | D:4      | 1993 ||| STAIRDANCE
  2037 | D:4      | Found a hazy altar of Hepliaklqana.
  2044 | D:4      | 2044 ||| UPGRADING to +0 cloak.
  2049 | D:4      | 2049 ||| READING scroll of enchant armour.
  2049 | D:4      | 2049 ||| ENCHANTING +0 cloak.
  2090 | D:4      | Reached skill level 6 in Ranged Weapons
  2094 | D:4      | Reached XP level 6. HP: 30/30 MP: 7/7
  2101 | D:4      | 2101 ||| READING scroll of enchant armour.
  2101 | D:4      | 2101 ||| ENCHANTING +1 cloak.
  2146 | D:4      | Reached skill level 6 in Dodging
  2571 | D:4      | Found a sand-covered staircase.
  2590 | D:4      | Reached XP level 7. HP: 29/35 MP: 8/8
  2613 | D:4      | 2613 ||| READING scroll labelled OXAWNY URGHUIWU.
  2614 | D:4      | 2614 ||| READING scroll labelled OKIVVEWKUDE.
  2618 | Ossuary  | Entered an ossuary
  2655 | Ossuary  | Reached skill level 7 in Dodging
  2823 | Ossuary  | 2823 ||| READING scroll labelled TONIAP WIEMI.
  2924 | Ossuary  | 2924 ||| DRINKING 2 smoky black potions.
  2925 | Ossuary  | 2925 ||| DROPPING potion of attraction.
  2937 | D:4      | 2937 ||| PLANNING D:1-11
  3501 | D:4      | 3501 ||| READING scroll of identify.
  3501 | D:4      | 3501 ||| IDENTIFYING viscous purple potion
  3544 | D:5      | Entered Level 5 of the Dungeon
  3655 | D:5      | Reached skill level 3 in Fighting
  3655 | D:5      | Reached XP level 8. HP: 40/40 MP: 9/9
  3676 | D:5      | HP: 7/40 [gnoll bouda/+0 club (5)]
  3677 | D:5      | 3677 ||| READING 4 scrolls of teleportation.
  3678 | D:5      | 3678 ||| DRINKING potion of heal wounds.
  3684 | D:5      | Noticed a two-headed ogre
  3696 | D:5      | Killed a two-headed ogre
  3697 | D:5      | Reached skill level 10 in Dodging
  3874 | D:5      | Found Ixarchiso's Antique Armour Shop.
  3994 | D:5      | 3994 ||| RETREEEEATING.
  3996 | D:5      | 3996 ||| RETREEEEATING.
  3998 | D:5      | 3998 ||| RETREEEEATING.
  4111 | D:5      | 4111 ||| READING scroll of enchant weapon.
  4111 | D:5      | 4111 ||| ENCHANTING +2 shortbow.
  4155 | D:5      | Reached skill level 9 in Ranged Weapons
  4155 | D:5      | Reached XP level 9. HP: 44/44 MP: 10/10
  4582 | D:5      | 4582 ||| READING scroll of identify.
  4582 | D:5      | 4582 ||| IDENTIFYING metallic green potion
  4583 | D:5      | 4583 ||| READING scroll labelled REIRERI GAPH.
  4583 | D:5      | Identified a scroll of acquirement
  4583 | D:5      | 4583 ||| ACQUIRING +1 arbalest of electrocution
  4583 | D:5      | Acquired a +1 arbalest of electrocution
  4585 | D:5      | 4585 ||| SWAPPING to +1 arbalest of electrocution.
  4586 | D:5      | 4586 ||| DROPPING +3 shortbow.
  4587 | D:5      | 4587 ||| DRINKING 2 murky ruby potions.
  4588 | D:5      | 4588 ||| DROPPING potion of brilliance.
  4589 | D:5      | 4589 ||| DROPPING wand of flame (28).
  4743 | D:6      | Found a staircase to the Ecumenical Temple.
  4744 | D:6      | 4744 ||| PLANNING TEMPLE
  4744 | D:6      | 4744 ||| READING scroll of identify.
  4744 | D:6      | 4744 ||| IDENTIFYING yellow potion
  4745 | D:6      | 4745 ||| DROPPING potion of lignification.
  4752 | Temple   | Entered the Ecumenical Temple
  4753 | Temple   | 4753 ||| PLANNING D:1-11
  4839 | D:6      | Found a hide-covered altar of Uskayaw.
  4839 | D:6      | Noticed a +0 spear
  4839 | D:6      | Noticed a +0 falchion
  4839 | D:6      | Noticed a +0 short sword
  4840 | D:6      | Noticed a +0 spear
  4840 | D:6      | Noticed a +0 short sword
  4840 | D:6      | Noticed a +0 dagger
  4841 | D:6      | Noticed a +0 falchion
  4843 | D:6      | Noticed a +0 dagger
  5013 | D:6      | Found a broken altar of Ashenzari.
  5164 | D:6      | 5164 ||| READING scroll of identify.
  5164 | D:6      | 5164 ||| IDENTIFYING bubbling black potion
  5165 | D:6      | 5165 ||| READING scroll labelled SUETOUTHR LETHRO.
  5166 | D:6      | 5166 ||| DROPPING potion of invisibility.
  5168 | D:6      | 5168 ||| Stepping ~*~*~tactically~*~*~ (cloud).
  5290 | D:7      | 5290 ||| STAIRDANCE
  5297 | D:7      | 5297 ||| STAIRDANCE
  5432 | D:7      | Reached skill level 11 in Dodging
  5492 | D:7      | Found an ornate altar of the Wu Jian Council.
  5609 | D:7      | Noticed Menkaure
  5614 | D:7      | Killed Menkaure
  6122 | D:7      | 6122 ||| READING scroll of identify.
  6122 | D:7      | 6122 ||| IDENTIFYING coppery potion
  6123 | D:7      | 6123 ||| DROPPING potion of degeneration.
  6155 | D:8      | 6155 ||| STAIRDANCE
  6164 | D:7      | HP: 10/45 [yak (10)]
  6165 | D:7      | 6165 ||| READING 4 scrolls of teleportation.
  6166 | D:7      | 6166 ||| DRINKING potion of heal wounds.
  6252 | D:8      | 6252 ||| RETREEEEATING.
  6258 | D:8      | Noticed Gastronok
  6259 | D:8      | 6259 ||| DRINKING potion of haste.
  6277 | D:8      | Killed Gastronok
  6278 | D:8      | Reached skill level 12 in Dodging
  6278 | D:8      | Reached XP level 10. HP: 49/49 MP: 11/11
  6279 | D:8      | Found a staircase to the Lair.
  6415 | D:8      | Reached skill level 12 in Ranged Weapons
  6417 | D:8      | Found Daanudum's Magic Scroll Shoppe.
  6427 | D:8      | 6427 ||| BUYING 3 scrolls of identify (84 gold).
  6427 | D:8      | Bought 3 scrolls of identify for 84 gold pieces
  6427 | D:8      | 6427 ||| BUYING scroll of enchant weapon (105 gold).
  6427 | D:8      | Bought a scroll of enchant weapon for 105 gold pieces
  6427 | D:8      | 6427 ||| BUYING scroll of enchant weapon (105 gold).
  6427 | D:8      | Bought a scroll of enchant weapon for 105 gold pieces
  6427 | D:8      | 6427 ||| BUYING scroll of identify (28 gold).
  6427 | D:8      | Bought a scroll of identify for 28 gold pieces
  6427 | D:8      | 6427 ||| BUYING scroll of identify (28 gold).
  6427 | D:8      | Bought a scroll of identify for 28 gold pieces
  6427 | D:8      | 6427 ||| READING 2 scrolls of enchant weapon.
  6427 | D:8      | 6427 ||| ENCHANTING +1 arbalest of electrocution.
  6428 | D:8      | 6428 ||| READING scroll of enchant weapon.
  6428 | D:8      | 6428 ||| ENCHANTING +2 arbalest of electrocution.
  6475 | D:8      | Noticed Jeremiah
  6499 | D:8      | 6499 ||| FLEEEEING.
  6500 | D:8      | 6500 ||| FLEEEEING.
  6501 | D:8      | 6501 ||| FLEEEEING.
  6503 | D:8      | 6503 ||| FLEEEEING.
  6504 | D:8      | 6504 ||| FLEEEEING.
  6506 | D:8      | 6506 ||| FLEEEEING.
  6507 | D:8      | 6507 ||| FLEEEEING.
  6515 | D:8      | Killed Jeremiah
  6705 | D:8      | Noticed Grum
  6709 | D:8      | Killed Grum
  6714 | D:8      | 6714 ||| RETREEEEATING.
  6714 | D:8      | Noticed qw's ghost (novice DjHu)
  6715 | D:8      | 6715 ||| RETREEEEATING.
  6717 | D:8      | 6717 ||| RETREEEEATING.
  6721 | D:8      | Reached skill level 13 in Dodging
  6739 | D:8      | 6739 ||| Stepping ~*~*~tactically~*~*~ (cloud).
  6763 | D:8      | 6763 ||| FLEEEEING.
  6794 | D:8      | 6794 ||| FLEEEEING.
  6887 | D:8      | 6887 ||| FLEEEEING.
  7030 | D:8      | Found a transporter.
  7032 | D:8      | Found a transporter.
  7068 | D:8      | Found a blossoming altar of Fedhas.
  7092 | D:8      | 7092 ||| RETREEEEATING.
  7094 | D:8      | 7094 ||| RETREEEEATING.
  7095 | D:8      | 7095 ||| RETREEEEATING.
  7098 | D:8      | 7098 ||| RETREEEEATING.
  7099 | D:8      | 7099 ||| RETREEEEATING.
  7100 | D:8      | 7100 ||| RETREEEEATING.
  7101 | D:8      | 7101 ||| RETREEEEATING.
  7102 | D:8      | 7102 ||| RETREEEEATING.
  7347 | D:8      | 7347 ||| READING 5 scrolls of identify.
  7347 | D:8      | 7347 ||| IDENTIFYING scroll labelled QAWEGI BUIZYMN
  7348 | D:8      | 7348 ||| DROPPING potion of ambrosia.
  7349 | D:8      | 7349 ||| DROPPING scroll of fear.
  7388 | D:9      | Identified the ring "Hesoi" {rN+ Str+6 Dex+7}
  7398 | D:9      | Found a glowing golden altar of the Shining One.
  7473 | D:9      | Noticed a two-headed ogre
  7477 | D:9      | Killed a two-headed ogre
  7478 | D:9      | Reached XP level 11. HP: 55/55 MP: 12/12
  7507 | D:9      | Found an iron altar of Okawaru.
  7508 | D:9      | 7508 ||| PLANNING OKAWARU WORSHIP
  7508 | D:9      | 7508 ||| UPGRADING to ring "Hesoi" {rN+ Str+6 Dex+7}.
  7509 | D:9      | 7509 ||| READING 4 scrolls of identify.
  7509 | D:9      | 7509 ||| IDENTIFYING black potion
  7510 | D:9      | 7510 ||| DROPPING potion of magic.
  7515 | D:9      | Became a worshipper of Warmaster Okawaru
  7516 | D:9      | 7516 ||| PLANNING D:1-11
  7640 | D:9      | Noticed a boulder beetle
  7647 | D:9      | Killed a boulder beetle
  7663 | D:9      | Reached skill level 14 in Dodging
  7709 | D:9      | Found an ancient bone altar of Kikubaaqudgha.
  7952 | D:9      | 7952 ||| PLANNING LAIR
  7952 | D:9      | 7952 ||| UPGRADING to amulet of regeneration.
  7991 | Lair:1   | Entered Level 1 of the Lair of Beasts
  8001 | Lair:1   | Found a transporter.
  8081 | Lair:1   | Reached * piety under Okawaru
  8097 | Lair:1   | Reached skill level 1 in Invocations
  8176 | Lair:1   | Found a frozen archway.
  8193 | Lair:1   | Found a runed translucent gate.
  8193 | Lair:1   | Found a runed translucent gate.
  8193 | Lair:1   | Found a runed translucent gate.
  8212 | Lair:1   | Reached ** piety under Okawaru
  8213 | Lair:1   | Reached skill level 3 in Invocations
  8247 | Lair:1   | Reached skill level 15 in Dodging
  8260 | Lair:1   | 8260 ||| RETREEEEATING.
  8262 | Lair:1   | 8262 ||| RETREEEEATING.
  8264 | Lair:1   | 8264 ||| RETREEEEATING.
  8266 | Lair:1   | 8266 ||| RETREEEEATING.
  8271 | Lair:1   | 8271 ||| INVOKING Heroism.
  8273 | Lair:1   | 8273 ||| RETREEEEATING.
  8274 | Lair:1   | 8274 ||| RETREEEEATING.
  8275 | Lair:1   | 8275 ||| RETREEEEATING.
  8291 | Lair:1   | Reached *** piety under Okawaru
  8302 | Lair:1   | Reached skill level 16 in Dodging
  8320 | Lair:1   | Noticed a glowing orange brain
  8357 | Lair:1   | Found a transporter.
  8693 | Lair:1   | Found a viscous altar of Jiyva.
  8693 | Lair:1   | Noticed qw's ghost (novice SpHu)
  8717 | Lair:2   | 8717 ||| STAIRDANCE
  8723 | Lair:2   | 8723 ||| STAIRDANCE
  8739 | Lair:2   | Reached **** piety under Okawaru
  8759 | Lair:2   | 8759 ||| RETREEEEATING.
  8761 | Lair:2   | 8761 ||| RETREEEEATING.
  8763 | Lair:2   | 8763 ||| RETREEEEATING.
  8765 | Lair:2   | 8765 ||| RETREEEEATING.
  8772 | Lair:2   | Reached XP level 12. HP: 60/60 MP: 16/16
  8774 | Lair:2   | 8774 ||| RETREEEEATING.
  8776 | Lair:2   | 8776 ||| RETREEEEATING.
  8778 | Lair:2   | 8778 ||| RETREEEEATING.
  8779 | Lair:2   | 8779 ||| RETREEEEATING.
  8780 | Lair:2   | 8780 ||| RETREEEEATING.
  9000 | Lair:2   | Noticed a four-headed hydra
  9063 | Lair:2   | 9063 ||| INVOKING Finesse.
  9068 | Lair:2   | Killed a four-headed hydra
  9257 | Lair:2   | 9257 ||| RETREEEEATING.
  9258 | Lair:2   | 9258 ||| RETREEEEATING.
  9259 | Lair:2   | 9259 ||| RETREEEEATING.
  9260 | Lair:2   | 9260 ||| RETREEEEATING.
  9261 | Lair:2   | 9261 ||| RETREEEEATING.
  9262 | Lair:2   | 9262 ||| RETREEEEATING.
  9263 | Lair:2   | 9263 ||| RETREEEEATING.
  9264 | Lair:2   | 9264 ||| RETREEEEATING.
  9417 | Lair:2   | Reached skill level 6 in Fighting
  9417 | Lair:2   | Reached skill level 6 in Invocations
  9424 | Lair:2   | Found a staircase to the Shoals.
  9473 | Lair:2   | Reached ***** piety under Okawaru
  9761 | Lair:2   | 9761 ||| READING 4 scrolls of identify.
  9761 | Lair:2   | 9761 ||| IDENTIFYING amethyst potion
  9852 | Lair:3   | Noticed Rupert
  9853 | Lair:3   | 9853 ||| INVOKING Finesse.
  9856 | Lair:3   | 9856 ||| DRINKING 8 potions of curing.
  9856 | Lair:3   | 9856 ||| (to cure confusion)
  9863 | Lair:3   | Killed Rupert
  9869 | Lair:3   | Received a gift from Okawaru
  9914 | Lair:3   | Found a staircase to the Snake Pit.
  9944 | Lair:3   | Found a large runed translucent door.
  9946 | Lair:3   | Found a large runed translucent door.
  9951 | Lair:3   | 9951 ||| INVOKING Finesse.
  9952 | Lair:3   | 9952 ||| INVOKING Finesse.
  9953 | Lair:3   | 9953 ||| INVOKING Heroism.
  9997 | Lair:3   | Noticed qw's ghost (journeyman SpHu)
 10038 | Lair:3   | 10038 ||| RETREEEEATING.
 10039 | Lair:3   | 10039 ||| RETREEEEATING.
 10040 | Lair:3   | 10040 ||| RETREEEEATING.
 10041 | Lair:3   | 10041 ||| RETREEEEATING.
 10042 | Lair:3   | 10042 ||| RETREEEEATING.
 10043 | Lair:3   | 10043 ||| RETREEEEATING.
 10044 | Lair:3   | 10044 ||| RETREEEEATING.
 10059 | Lair:3   | Identified the +5 mace "Mobri" {flame, ^Contam Will+++ MP+9
                  | Str+5}
 10137 | Lair:3   | Reached skill level 17 in Dodging
 10192 | Lair:3   | 10192 ||| RETREEEEATING.
 10196 | Lair:3   | 10196 ||| RETREEEEATING.
 10197 | Lair:3   | 10197 ||| RETREEEEATING.
 10199 | Lair:3   | 10199 ||| RETREEEEATING.
 10200 | Lair:3   | 10200 ||| RETREEEEATING.
 10201 | Lair:3   | 10201 ||| RETREEEEATING.
 10203 | Lair:3   | 10203 ||| RETREEEEATING.
 10207 | Lair:3   | 10207 ||| RETREEEEATING.
 10837 | Lair:3   | 10837 ||| READING 4 scrolls of identify.
 10837 | Lair:3   | 10837 ||| IDENTIFYING scroll labelled IMIUNEORUPH
 10838 | Lair:3   | 10838 ||| READING 3 scrolls of identify.
 10838 | Lair:3   | 10838 ||| IDENTIFYING 2 scrolls labelled IXUNI SEOLA
 10839 | Lair:3   | 10839 ||| DROPPING 2 scrolls of silence.
 10840 | Lair:3   | 10840 ||| DROPPING scroll of fog.
 10867 | Lair:4   | 10867 ||| RETREEEEATING.
 10868 | Lair:4   | 10868 ||| RETREEEEATING.
 10869 | Lair:4   | 10869 ||| RETREEEEATING.
 10870 | Lair:4   | 10870 ||| RETREEEEATING.
 10871 | Lair:4   | 10871 ||| RETREEEEATING.
 10873 | Lair:4   | 10873 ||| RETREEEEATING.
 10998 | Lair:4   | Reached XP level 13. HP: 65/65 MP: 20/20
 11093 | Lair:4   | Reached skill level 9 in Invocations
 11308 | Lair:4   | Received a gift from Okawaru
 11320 | Lair:4   | Found a dark tunnel.
 11339 | Lair:4   | You fall into a shaft and drop 1 floor!
 11339 | Lair:5   | Entered Level 5 of the Lair of Beasts
 11352 | Lair:5   | 11352 ||| DROPPING ring of positive energy.
 11353 | Lair:5   | 11353 ||| READING 4 scrolls of identify.
 11353 | Lair:5   | 11353 ||| IDENTIFYING lumpy inky potion
 11480 | Lair:4   | 11480 ||| RETREEEEATING.
 11481 | Lair:4   | 11481 ||| RETREEEEATING.
 11607 | Lair:4   | 11607 ||| RETREEEEATING.
 11609 | Lair:4   | 11609 ||| RETREEEEATING.
 11612 | Lair:4   | 11612 ||| RETREEEEATING.
 11620 | Lair:4   | Reached skill level 15 in Ranged Weapons
 11653 | Lair:4   | Noticed Sonja
 11654 | Lair:4   | Killed Sonja
 11746 | Lair:4   | Noticed an azure jelly
 11747 | Lair:4   | 11747 ||| RETREEEEATING.
 11748 | Lair:4   | 11748 ||| RETREEEEATING.
 11749 | Lair:4   | 11749 ||| RETREEEEATING.
 11751 | Lair:4   | 11751 ||| INVOKING Finesse.
 11752 | Lair:4   | 11752 ||| INVOKING Heroism.
 11760 | Lair:4   | Killed an azure jelly
 11867 | Lair:4   | 11867 ||| DROPPING scarf of harm.
 11868 | Lair:4   | 11868 ||| READING 3 scrolls of identify.
 11868 | Lair:4   | 11868 ||| IDENTIFYING viscous orange potion
 11916 | Lair:5   | 11916 ||| RETREEEEATING.
 11918 | Lair:5   | 11918 ||| RETREEEEATING.
 11920 | Lair:5   | 11920 ||| RETREEEEATING.
 11923 | Lair:5   | 11923 ||| RETREEEEATING.
 11927 | Lair:5   | 11927 ||| RETREEEEATING.
 11928 | Lair:5   | 11928 ||| RETREEEEATING.
 11929 | Lair:5   | 11929 ||| RETREEEEATING.
 11956 | Lair:5   | 11956 ||| RETREEEEATING.
 11958 | Lair:5   | 11958 ||| RETREEEEATING.
 12007 | Lair:5   | 12007 ||| RETREEEEATING.
 12011 | Lair:5   | 12011 ||| RETREEEEATING.
 12017 | Lair:5   | Reached skill level 18 in Dodging
 12047 | Lair:5   | Found a viscous altar of Jiyva.
 12047 | Lair:5   | Found a staircase to the Slime Pits.
 12104 | Lair:5   | Reached skill level 1 in Armour
 12123 | Lair:5   | 12123 ||| RETREEEEATING.
 12131 | Lair:5   | Received a gift from Okawaru
 12216 | Lair:5   | 12216 ||| RETREEEEATING.
 12217 | Lair:5   | 12217 ||| RETREEEEATING.
 12218 | Lair:5   | 12218 ||| RETREEEEATING.
 12219 | Lair:5   | 12219 ||| RETREEEEATING.
 12220 | Lair:5   | 12220 ||| RETREEEEATING.
 12221 | Lair:5   | 12221 ||| RETREEEEATING.
 12222 | Lair:5   | 12222 ||| RETREEEEATING.
 12223 | Lair:5   | 12223 ||| RETREEEEATING.
 12224 | Lair:5   | 12224 ||| RETREEEEATING.
 12225 | Lair:5   | 12225 ||| RETREEEEATING.
 12226 | Lair:5   | 12226 ||| RETREEEEATING.
 12227 | Lair:5   | 12227 ||| RETREEEEATING.
 12228 | Lair:5   | 12228 ||| RETREEEEATING.
 12229 | Lair:5   | 12229 ||| RETREEEEATING.
 12230 | Lair:5   | 12230 ||| RETREEEEATING.
 12231 | Lair:5   | 12231 ||| RETREEEEATING.
 12234 | Lair:5   | 12234 ||| RETREEEEATING.
 12235 | Lair:5   | 12235 ||| RETREEEEATING.
 12360 | Lair:5   | 12360 ||| RETREEEEATING.
 12361 | Lair:5   | 12361 ||| RETREEEEATING.
 12362 | Lair:5   | 12362 ||| RETREEEEATING.
 12371 | Lair:5   | 12371 ||| RETREEEEATING.
 12372 | Lair:5   | 12372 ||| RETREEEEATING.
 12412 | Lair:5   | 12412 ||| RETREEEEATING.
 12415 | Lair:5   | 12415 ||| RETREEEEATING.
 12508 | Lair:5   | Received a gift from Okawaru
 12811 | Lair:5   | 12811 ||| PLANNING D:1-11
 12916 | D:10     | Entered Level 10 of the Dungeon
 12918 | D:10     | 12918 ||| STAIRDANCE
 12935 | D:10     | 12935 ||| STAIRDANCE
 13002 | D:10     | Found a transporter.
 13002 | D:10     | Found a one-way gate to the infinite horrors of the Abyss.
 13002 | D:10     | Noticed qw's ghost (novice DEHu)
 13018 | D:10     | Noticed Snorg
 13019 | D:10     | 13019 ||| INVOKING Finesse.
 13025 | D:10     | Killed Snorg
 13069 | D:10     | Reached XP level 14. HP: 72/72 MP: 22/22
 13246 | D:10     | Found a transporter.
 13253 | D:10     | Found a staircase to the Orcish Mines.
 13399 | D:10     | 13399 ||| UPGRADING to scarf of resistance.
 13409 | D:10     | 13409 ||| DROPPING ring of resist corrosion.
 13450 | D:11     | Found Wyhahaef's Neck Hole.
 13458 | D:11     | 13458 ||| BUYING amulet of faith (560 gold).
 13458 | D:11     | Bought an amulet of faith for 560 gold pieces
 13471 | D:11     | Received a gift from Okawaru
 13990 | D:11     | 13990 ||| PLANNING D
 13990 | D:11     | 13990 ||| UPGRADING to +0 acid dragon scales.
 14000 | D:11     | 14000 ||| READING 4 scrolls of enchant armour.
 14000 | D:11     | 14000 ||| ENCHANTING +0 acid dragon scales.
 14001 | D:11     | 14001 ||| READING 3 scrolls of enchant armour.
 14001 | D:11     | 14001 ||| ENCHANTING +1 acid dragon scales.
 14002 | D:11     | 14002 ||| DROPPING +2 robe of cold resistance.
 14003 | D:11     | 14003 ||| READING 2 scrolls of enchant armour.
 14003 | D:11     | 14003 ||| ENCHANTING +2 acid dragon scales.
 14004 | D:11     | 14004 ||| READING scroll of enchant armour.
 14004 | D:11     | 14004 ||| ENCHANTING +3 acid dragon scales.
 14005 | D:11     | 14005 ||| UPGRADING to amulet of faith.
 14073 | D:12     | 14073 ||| READING scroll of enchant armour.
 14073 | D:12     | 14073 ||| ENCHANTING +4 acid dragon scales.
 14080 | D:12     | Noticed Shukka's ghost (journeyman MiBe)
 14081 | D:12     | Found a transporter.
 14089 | D:12     | Found a transporter.
 14147 | D:12     | 14147 ||| RETREEEEATING.
 14544 | D:12     | 14544 ||| RETREEEEATING.
 14547 | D:12     | 14547 ||| RETREEEEATING.
 14550 | D:12     | 14550 ||| RETREEEEATING.
 14551 | D:12     | 14551 ||| RETREEEEATING.
 14552 | D:12     | 14552 ||| RETREEEEATING.
 14554 | D:12     | 14554 ||| RETREEEEATING.
 14555 | D:12     | 14555 ||| RETREEEEATING.
 14568 | D:12     | Reached ****** piety under Okawaru
 14593 | D:12     | 14593 ||| INVOKING Receive Weapon.
 14593 | D:12     | 14593 ||| ACQUIRING +4 arbalest of draining
 14593 | D:12     | Acquired a +4 arbalest of draining
 14593 | D:12     | Received a gift from Okawaru
 14594 | D:12     | 14594 ||| INVOKING Receive Armour.
 14594 | D:12     | 14594 ||| ACQUIRING +1 robe of the Thunderstorm {rPois
                  | rC+++ Int-4 Archmagi}
 14594 | D:12     | Acquired the +1 robe of the Thunderstorm {rPois rC+++ Int-4
                  | Archmagi}
 14594 | D:12     | Received a gift from Okawaru
 14596 | D:12     | 14596 ||| SWAPPING to +4 arbalest of draining.
 14760 | D:12     | 14760 ||| RETREEEEATING.
 14763 | D:12     | 14763 ||| RETREEEEATING.
 14767 | D:12     | 14767 ||| RETREEEEATING.
 14768 | D:12     | 14768 ||| RETREEEEATING.
 14770 | D:12     | 14770 ||| RETREEEEATING.
 14772 | D:12     | 14772 ||| RETREEEEATING.
 14778 | D:12     | 14778 ||| READING 7 scrolls of teleportation.
 14913 | D:12     | Received a gift from Okawaru
 15072 | D:12     | Found a portal to a secret trove of treasure.
 15122 | D:12     | 15122 ||| READING 4 scrolls of identify.
 15122 | D:12     | 15122 ||| IDENTIFYING scroll labelled NESEBO ERIS
 15123 | D:12     | 15123 ||| READING scroll of brand weapon.
 15123 | D:12     | 15123 ||| BRANDING +4 arbalest of draining.
 15124 | D:12     | 15124 ||| DROPPING +3 arbalest of electrocution.
 15156 | D:13     | 15156 ||| STAIRDANCE
 15267 | D:13     | 15267 ||| STAIRDANCE
 15277 | D:13     | 15277 ||| STAIRDANCE
 15281 | D:13     | 15281 ||| STAIRDANCE
 15295 | D:13     | 15295 ||| STAIRDANCE
 15301 | D:13     | 15301 ||| STAIRDANCE
 15344 | D:13     | 15344 ||| INVOKING Finesse.
 15408 | D:13     | Reached skill level 19 in Dodging
 15440 | D:13     | 15440 ||| RETREEEEATING.
 15441 | D:13     | 15441 ||| RETREEEEATING.
 15442 | D:13     | 15442 ||| RETREEEEATING.
 15446 | D:13     | Noticed Kirke
 15447 | D:13     | 15447 ||| RETREEEEATING.
 15448 | D:13     | 15448 ||| RETREEEEATING.
 15479 | D:13     | 15479 ||| INVOKING Finesse.
 15502 | D:13     | Killed Kirke
 15502 | D:13     | Received a gift from Okawaru
 15574 | D:13     | 15574 ||| RETREEEEATING.
 15575 | D:13     | 15575 ||| RETREEEEATING.
 15576 | D:13     | 15576 ||| RETREEEEATING.
 15577 | D:13     | 15577 ||| RETREEEEATING.
 15578 | D:13     | 15578 ||| RETREEEEATING.
 15579 | D:13     | 15579 ||| RETREEEEATING.
 15581 | D:13     | 15581 ||| RETREEEEATING.
 15582 | D:13     | 15582 ||| RETREEEEATING.
 15584 | D:13     | 15584 ||| RETREEEEATING.
 15586 | D:13     | 15586 ||| RETREEEEATING.
 15588 | D:13     | 15588 ||| RETREEEEATING.
 15590 | D:13     | 15590 ||| RETREEEEATING.
 15593 | D:13     | 15593 ||| RETREEEEATING.
 15595 | D:13     | 15595 ||| RETREEEEATING.
 15599 | D:13     | 15599 ||| RETREEEEATING.
 15600 | D:13     | 15600 ||| RETREEEEATING.
 15765 | D:13     | Identified the +12 hand axe of Impeachment {holy, Str+2}
 15775 | D:13     | 15775 ||| RETREEEEATING.
 15777 | D:13     | 15777 ||| RETREEEEATING.
 15779 | D:13     | 15779 ||| RETREEEEATING.
 15780 | D:13     | 15780 ||| RETREEEEATING.
 15781 | D:13     | 15781 ||| RETREEEEATING.
 15783 | D:13     | 15783 ||| RETREEEEATING.
 15791 | D:13     | 15791 ||| INVOKING Finesse.
 15800 | D:13     | Reached skill level 18 in Ranged Weapons
 15821 | D:13     | 15821 ||| FLEEEEING.
 15822 | D:13     | 15822 ||| FLEEEEING.
 15823 | D:13     | 15823 ||| FLEEEEING.
 15842 | D:13     | 15842 ||| FLEEEEING.
 15843 | D:13     | 15843 ||| FLEEEEING.
 15979 | D:13     | Found a gate to the Vaults.
 16189 | D:13     | You fall into a shaft and drop 1 floor!
 16209 | D:14     | 16209 ||| RETREEEEATING.
 16210 | D:14     | 16210 ||| RETREEEEATING.
 16211 | D:14     | 16211 ||| RETREEEEATING.
 16212 | D:14     | 16212 ||| INVOKING Finesse.
 16219 | D:14     | Received a gift from Okawaru
 16254 | D:14     | Noticed Roxanne
 16255 | D:14     | 16255 ||| INVOKING Finesse.
 16274 | D:14     | Killed Roxanne
 16401 | D:14     | Found a glowing silver altar of Zin.
 16401 | D:14     | Noticed an angel
 16428 | D:14     | 16428 ||| INVOKING Finesse.
 16453 | D:14     | HP: 2/70 [centaur warrior/arrow[a boggart] (20)]
 16454 | D:14     | 16454 ||| READING 7 scrolls of teleportation.
 16455 | D:14     | 16455 ||| DRINKING potion of heal wounds.
 16484 | D:14     | 16484 ||| RETREEEEATING.
 16485 | D:14     | 16485 ||| RETREEEEATING.
 16486 | D:14     | 16486 ||| RETREEEEATING.
 16487 | D:14     | 16487 ||| RETREEEEATING.
 16488 | D:14     | 16488 ||| RETREEEEATING.
 16489 | D:14     | 16489 ||| RETREEEEATING.
 16490 | D:14     | 16490 ||| RETREEEEATING.
 16645 | D:14     | Noticed Jorgrun
 16646 | D:14     | 16646 ||| INVOKING Finesse.
 16652 | D:14     | Killed Jorgrun
 16652 | D:14     | Received a gift from Okawaru
 16653 | D:14     | Reached XP level 15. HP: 75/77 MP: 17/23
 16696 | D:14     | Noticed Azrael
 16705 | D:14     | 16705 ||| RETREEEEATING.
 16706 | D:14     | 16706 ||| INVOKING Finesse.
 16711 | D:14     | HP: 16/77 [centaur warrior (12)]
 16712 | D:14     | 16712 ||| READING 6 scrolls of teleportation.
 16713 | D:14     | Killed Azrael
 17020 | D:14     | Reached skill level 20 in Dodging
 17249 | D:14     | Received a gift from Okawaru
 17334 | D:15     | Entered Level 15 of the Dungeon
 17341 | D:15     | 17341 ||| STAIRDANCE
 17346 | D:14     | 17346 ||| INVOKING Finesse.
 17377 | D:15     | 17377 ||| STAIRDANCE
 17538 | D:15     | HP: 18/77 [stone giant (28)]
 17539 | D:15     | 17539 ||| READING 5 scrolls of teleportation.
 17540 | D:15     | 17540 ||| DRINKING potion of heal wounds.
 17542 | D:15     | Reached skill level 21 in Dodging
 17645 | D:15     | Found a staircase to the Depths.
 17814 | D:15     | 17814 ||| RETREEEEATING.
 17815 | D:15     | 17815 ||| RETREEEEATING.
 17816 | D:15     | 17816 ||| RETREEEEATING.
 17817 | D:15     | 17817 ||| INVOKING Finesse.
 17947 | D:15     | 17947 ||| ZAPPING wand of light (17) at 0,5 (two-headed
                  | ogre; floor).
 17948 | D:15     | 17948 ||| INVOKING Finesse.
 17950 | D:15     | Received a gift from Okawaru
 17951 | D:15     | Reached skill level 9 in Fighting
 17989 | D:15     | Found a shadowy altar of Dithmenos.
 18155 | D:15     | 18155 ||| PLANNING ORC
 18322 | Orc:1    | Entered Level 1 of the Orcish Mines
 18327 | Orc:1    | 18327 ||| STAIRDANCE
 18400 | Orc:1    | 18400 ||| STAIRDANCE
 18408 | Orc:1    | 18408 ||| STAIRDANCE
 18456 | Orc:1    | 18456 ||| STAIRDANCE
 18461 | Orc:1    | 18461 ||| STAIRDANCE
 18467 | Orc:1    | 18467 ||| STAIRDANCE
 18473 | Orc:1    | 18473 ||| STAIRDANCE
 18884 | Orc:2    | Entered Level 2 of the Orcish Mines
 18884 | Orc:2    | Noticed Maurice
 18884 | Orc:2    | Found a staircase to the Elven Halls.
 18885 | Orc:2    | 18885 ||| RETREEEEATING.
 18887 | Orc:2    | Maurice stole an amulet of regeneration
 18890 | Orc:2    | 18890 ||| RETREEEEATING.
 18891 | Orc:2    | 18891 ||| RETREEEEATING.
 18895 | Orc:2    | 18895 ||| INVOKING Finesse.
 18916 | Orc:2    | HP: 13/79 [orc knight/+0 great sword (17)]
 18917 | Orc:2    | 18917 ||| READING 5 scrolls of teleportation.
 18918 | Orc:2    | HP: 2/79 [troll[an orc knight] (11)]
 18967 | Orc:2    | 18967 ||| FLEEEEING.
 18968 | Orc:2    | 18968 ||| FLEEEEING.
 18969 | Orc:2    | 18969 ||| STAIRDANCE
 19212 | Orc:2    | Killed Maurice
 19597 | Orc:2    | Reached skill level 22 in Dodging
 19599 | Orc:2    | 19599 ||| RETREEEEATING.
 19667 | Orc:2    | 19667 ||| RETREEEEATING.
 19670 | Orc:2    | Reached skill level 3 in Armour
 19671 | Orc:2    | 19671 ||| ZAPPING wand of light (16) at 3,-1 (orc sorcerer;
                  | floor).
 19672 | Orc:2    | 19672 ||| ZAPPING wand of light (15) at 2,0 (orc sorcerer;
                  | floor).
 19673 | Orc:2    | 19673 ||| INVOKING Finesse.
 19698 | Orc:2    | Received a gift from Okawaru
 19746 | Orc:2    | Found Fima's Armour Shop.
 19746 | Orc:2    | Found Xubrot's Book Shoppe.
 19748 | Orc:2    | Found Jikhiur's Antique Armour Shop.
 19748 | Orc:2    | Found Gavoiduh's Weapon Shoppe.
 19756 | Orc:2    | 19756 ||| BUYING crude swamp dragon scales (1320 gold).
 19756 | Orc:2    | Bought crude swamp dragon scales for 1320 gold pieces
 19756 | Orc:2    | Identified the +7 swamp dragon scales of the Valley of
                  | Death {rPois Regen+ Dex+3} (You bought it in a shop on
                  | level 2 of the Orcish Mines)
 19857 | Orc:2    | Found Okoxer's Antique Armour Shoppe.
 19928 | Orc:2    | Found Xuenk's Weapon Emporium.
 20058 | Orc:2    | 20058 ||| RETREEEEATING.
 20060 | Orc:2    | 20060 ||| RETREEEEATING.
 20061 | Orc:2    | 20061 ||| INVOKING Finesse.
 20211 | Orc:2    | 20211 ||| PLANNING SNAKE:1-3
 20211 | Orc:2    | 20211 ||| UPGRADING to +7 swamp dragon scales of the Valley
                  | of Death {rPois Regen+ Dex+3}.
 20221 | Orc:2    | 20221 ||| DROPPING +1 robe of the Thunderstorm {rPois rC+++
                  | Int-4 Archmagi}.
 20222 | Orc:2    | 20222 ||| DROPPING +5 acid dragon scales.
 20398 | Snake:1  | Entered Level 1 of the Snake Pit
 20401 | Snake:1  | 20401 ||| RETREEEEATING.
 20402 | Snake:1  | 20402 ||| RETREEEEATING.
 20403 | Snake:1  | 20403 ||| INVOKING Finesse.
 20478 | Snake:1  | Reached XP level 16. HP: 84/84 MP: 24/24
 20486 | Snake:1  | 20486 ||| INVOKING Finesse.
 20571 | Snake:1  | Reached skill level 23 in Dodging
 20631 | Snake:1  | 20631 ||| INVOKING Finesse.
 20712 | Snake:1  | Received a gift from Okawaru
 20727 | Snake:1  | 20727 ||| INVOKING Finesse.
 20984 | Snake:1  | Found Xiruysh's Magic Scroll Emporium.
 20985 | Snake:1  | 20985 ||| RETREEEEATING.
 20986 | Snake:1  | 20986 ||| RETREEEEATING.
 20987 | Snake:1  | 20987 ||| RETREEEEATING.
 20988 | Snake:1  | 20988 ||| RETREEEEATING.
 20989 | Snake:1  | 20989 ||| RETREEEEATING.
 20990 | Snake:1  | 20990 ||| RETREEEEATING.
 20991 | Snake:1  | 20991 ||| RETREEEEATING.
 20992 | Snake:1  | 20992 ||| RETREEEEATING.
 20993 | Snake:1  | 20993 ||| RETREEEEATING.
 20995 | Snake:1  | 20995 ||| INVOKING Finesse.
 21049 | Snake:1  | Received a gift from Okawaru
 21053 | Snake:1  | 21053 ||| BUYING scroll of enchant weapon (105 gold).
 21053 | Snake:1  | Bought a scroll of enchant weapon for 105 gold pieces
 21053 | Snake:1  | 21053 ||| BUYING scroll of teleportation (42 gold).
 21053 | Snake:1  | Bought a scroll of teleportation for 42 gold pieces
 21053 | Snake:1  | 21053 ||| READING scroll of enchant weapon.
 21053 | Snake:1  | 21053 ||| ENCHANTING +4 arbalest of flaming.
 21142 | Snake:1  | Found Deysil Ulou's Book Shop.
 21143 | Snake:1  | Found Lodoibre's Jewellery Shoppe.
 21145 | Snake:1  | Found Ramm's Book Shop.
 21153 | Snake:1  | 21153 ||| SHOPLISTING +6 ring of dexterity (540 gold, have
                  | 44).
 21153 | Snake:1  | 21153 ||| SHOPLISTING amulet "Faleero" {*Slow rElec rF-
                  | Will++ Regen+} (681 gold, have 44).
 21153 | Snake:1  | 21153 ||| SHOPLISTING ring of protection from fire (375
                  | gold, have 44).
 21254 | Snake:1  | 21254 ||| INVOKING Finesse.
 21520 | Snake:2  | 21520 ||| PLANNING BAZAAR
 21661 | Snake:2  | 21661 ||| RETREEEEATING.
 21662 | Snake:2  | 21662 ||| RETREEEEATING.
 21664 | Snake:2  | 21664 ||| ZAPPING wand of light (14) at 5,0 (naga mage;
                  | floor).
 21665 | Snake:2  | 21665 ||| INVOKING Finesse.
 21739 | Snake:2  | 21739 ||| INVOKING Finesse.
 21812 | Snake:2  | Reached skill level 24 in Dodging
 21908 | Snake:2  | 21908 ||| ZAPPING wand of light (13) at -1,-2 (salamander;
                  | floor).
 21909 | Snake:2  | 21909 ||| ZAPPING wand of light (12) at -1,-4 (salamander;
                  | floor).
 21912 | Snake:2  | 21912 ||| INVOKING Finesse.
 22820 | Snake:2  | 22820 ||| RIP BAZAAR
 22820 | Snake:2  | 22820 ||| PLANNING SNAKE:1-3
 22824 | Snake:2  | 22824 ||| PLANNING BAZAAR
 23011 | Snake:2  | 23011 ||| RIP BAZAAR
 23012 | Snake:2  | 23012 ||| PLANNING SNAKE:1-3
 23065 | Snake:3  | 23065 ||| RETREEEEATING.
 23069 | Snake:3  | 23069 ||| RETREEEEATING.
 23070 | Snake:3  | 23070 ||| RETREEEEATING.
 23073 | Snake:3  | 23073 ||| ZAPPING wand of light (11) at -3,4 (naga mage;
                  | floor).
 23074 | Snake:3  | 23074 ||| INVOKING Finesse.
 23086 | Snake:3  | Received a gift from Okawaru
 23127 | Snake:3  | 23127 ||| INVOKING Finesse.
 23151 | Snake:3  | Reached skill level 25 in Dodging
 23266 | Snake:3  | 23266 ||| RETREEEEATING.
 23268 | Snake:3  | 23268 ||| RETREEEEATING.
 23280 | Snake:3  | Received a gift from Okawaru
 23301 | Snake:3  | 23301 ||| INVOKING Finesse.
 23337 | Snake:3  | 23337 ||| INVOKING Finesse.
 23356 | Snake:3  | Reached XP level 17. HP: 89/89 MP: 21/25
 23602 | Snake:3  | 23602 ||| RETREEEEATING.
 23603 | Snake:3  | 23603 ||| RETREEEEATING.
 23607 | Snake:3  | 23607 ||| RETREEEEATING.
 23633 | Snake:3  | 23633 ||| INVOKING Finesse.
 23638 | Snake:3  | Reached skill level 26 in Dodging
 23722 | Snake:3  | Found Mets's Assorted Antiques.
 23730 | Snake:3  | 23730 ||| BUYING potion of curing (87 gold).
 23730 | Snake:3  | Bought a potion of curing for 87 gold pieces
 23730 | Snake:3  | 23730 ||| SHOPLISTING potion of resistance (290 gold, have
                  | 208).
 23758 | Snake:3  | 23758 ||| PLANNING SHOALS:1-3
 23862 | Shoals:1 | Entered Level 1 of the Shoals
 23865 | Shoals:1 | 23865 ||| STAIRDANCE
 23873 | Shoals:1 | 23873 ||| STAIRDANCE
 23937 | Shoals:1 | 23937 ||| INVOKING Finesse.
 23946 | Shoals:1 | Received a gift from Okawaru
 24007 | Shoals:1 | 24007 ||| INVOKING Finesse.
 24482 | Shoals:1 | Found Ceol's Antique Armour Emporium.
 24495 | Shoals:1 | 24495 ||| SHOPLISTING glowing scarf (328 gold, have 296).
 24823 | Shoals:2 | Received a gift from Okawaru
 24889 | Shoals:2 | 24889 ||| RETREEEEATING.
 24890 | Shoals:2 | 24890 ||| RETREEEEATING.
 24891 | Shoals:2 | 24891 ||| INVOKING Finesse.
 25223 | Shoals:3 | Noticed qw's ghost (adept GrHu)
 25226 | Shoals:3 | Found a transporter.
 25253 | Shoals:3 | Found a transporter.
 25339 | Shoals:3 | Identified the ring of Ituecous {rElec rC+ AC+4 Stlth+}
 25445 | Shoals:3 | Reached skill level 27 in Dodging
 25446 | Shoals:3 | Noticed a kraken
 25449 | Shoals:3 | 25449 ||| INVOKING Finesse.
 25462 | Shoals:3 | Killed a kraken
 25462 | Shoals:3 | Received a gift from Okawaru
 25550 | Shoals:3 | 25550 ||| RETREEEEATING.
 25551 | Shoals:3 | 25551 ||| RETREEEEATING.
 25552 | Shoals:3 | 25552 ||| RETREEEEATING.
 25756 | Shoals:3 | 25756 ||| READING 14 scrolls of identify.
 25756 | Shoals:3 | 25756 ||| IDENTIFYING metallic emerald potion
 25870 | Shoals:3 | 25870 ||| RETREEEEATING.
 25871 | Shoals:3 | 25871 ||| RETREEEEATING.
 25873 | Shoals:3 | 25873 ||| RETREEEEATING.
 25881 | Shoals:3 | 25881 ||| RETREEEEATING.
 25888 | Shoals:3 | 25888 ||| INVOKING Finesse.
 25942 | Shoals:3 | 25942 ||| PLANNING SNAKE:4
 26116 | Snake:4  | Entered Level 4 of the Snake Pit
 26183 | Snake:4  | Reached skill level 12 in Fighting
 26184 | Snake:4  | 26184 ||| RETREEEEATING.
 26187 | Snake:4  | 26187 ||| RETREEEEATING.
 26200 | Snake:4  | Received a gift from Okawaru
 26249 | Snake:4  | 26249 ||| READING scroll of brand weapon.
 26249 | Snake:4  | 26249 ||| BRANDING +5 arbalest of flaming.
 26254 | Snake:4  | Reached XP level 18. HP: 98/98 MP: 26/26
 26304 | Snake:4  | 26304 ||| RETREEEEATING.
 26305 | Snake:4  | 26305 ||| RETREEEEATING.
 26354 | Snake:4  | 26354 ||| RETREEEEATING.
 26357 | Snake:4  | 26357 ||| RETREEEEATING.
 26359 | Snake:4  | 26359 ||| RETREEEEATING.
 26360 | Snake:4  | 26360 ||| RETREEEEATING.
 26361 | Snake:4  | 26361 ||| RETREEEEATING.
 26362 | Snake:4  | 26362 ||| INVOKING Finesse.
 26370 | Snake:4  | Noticed Vashnia
 26397 | Snake:4  | Killed Vashnia
 26397 | Snake:4  | Received a gift from Okawaru
 26402 | Snake:4  | 26402 ||| INVOKING Finesse.
 26408 | Snake:4  | 26408 ||| RETREEEEATING.
 26409 | Snake:4  | 26409 ||| RETREEEEATING.
 26518 | Snake:4  | Reached skill level 6 in Armour
 26594 | Snake:4  | Got a serpentine rune of Zot
 26712 | Snake:4  | Received a gift from Okawaru
 27033 | Snake:4  | 27033 ||| PLANNING VAULTS:1-4
 27033 | Snake:4  | 27033 ||| DROPPING wand of mindburst (8).
 27255 | Vaults:1 | Entered Level 1 of the Vaults
 27256 | Vaults:1 | 27256 ||| DRINKING potion of resistance.
 27257 | Vaults:1 | 27257 ||| INVOKING Finesse.
 27381 | Vaults:1 | Noticed Zenata
 27382 | Vaults:1 | 27382 ||| INVOKING Finesse.
 27386 | Vaults:1 | 27386 ||| RETREEEEATING.
 27395 | Vaults:1 | Killed Zenata
 27498 | Vaults:1 | 27498 ||| INVOKING Finesse.
 27762 | Vaults:1 | You fall into a shaft and drop 1 floor!
 27899 | Vaults:1 | Noticed Boris
 27900 | Vaults:1 | 27900 ||| ZAPPING wand of light (10) at -3,-2 (Boris;
                  | floor).
 27901 | Vaults:1 | 27901 ||| INVOKING Finesse.
 27910 | Vaults:1 | Killed Boris
 27914 | Vaults:1 | HP: 25/102 [ironbound frostheart/creeping frost (18)]
 27915 | Vaults:1 | 27915 ||| READING 11 scrolls of teleportation.
 28152 | Vaults:1 | Found Yxkuguag's General Store.
 28155 | Vaults:1 | 28155 ||| BUYING wand of roots (5) (204 gold).
 28155 | Vaults:1 | Bought a wand of roots (5) for 204 gold pieces
 28622 | Vaults:2 | 28622 ||| RETREEEEATING.
 28624 | Vaults:2 | 28624 ||| RETREEEEATING.
 28625 | Vaults:2 | 28625 ||| ZAPPING wand of light (9) at 1,-5 (ironbound
                  | preserver; floor).
 28626 | Vaults:2 | 28626 ||| ZAPPING wand of light (8) at 1,-4 (ironbound
                  | preserver; floor).
 28628 | Vaults:2 | 28628 ||| INVOKING Finesse.
 28684 | Vaults:2 | 28684 ||| RETREEEEATING.
 28685 | Vaults:2 | 28685 ||| INVOKING Finesse.
 28900 | Vaults:2 | Found Resuwk's Magic Scroll Emporium.
 28908 | Vaults:2 | 28908 ||| BUYING scroll of enchant weapon (112 gold).
 28908 | Vaults:2 | Bought a scroll of enchant weapon for 112 gold pieces
 28908 | Vaults:2 | 28908 ||| BUYING scroll of teleportation (45 gold).
 28908 | Vaults:2 | Bought a scroll of teleportation for 45 gold pieces
 28908 | Vaults:2 | 28908 ||| BUYING scroll of teleportation (45 gold).
 28908 | Vaults:2 | Bought a scroll of teleportation for 45 gold pieces
 28908 | Vaults:2 | 28908 ||| READING scroll of enchant weapon.
 28908 | Vaults:2 | 28908 ||| ENCHANTING +5 heavy arbalest.
 29019 | Vaults:2 | 29019 ||| RETREEEEATING.
 29025 | Vaults:2 | 29025 ||| RETREEEEATING.
 29031 | Vaults:2 | Received a gift from Okawaru
 29302 | Vaults:2 | Reached skill level 15 in Fighting
 29323 | Vaults:2 | 29323 ||| INVOKING Finesse.
 29644 | Vaults:2 | 29644 ||| DROPPING +6 ring of strength.
 29953 | Vaults:3 | 29953 ||| RETREEEEATING.
 29954 | Vaults:3 | 29954 ||| RETREEEEATING.
 29959 | Vaults:3 | Received a gift from Okawaru
 29960 | Vaults:3 | 29960 ||| RETREEEEATING.
 29963 | Vaults:3 | 29963 ||| RETREEEEATING.
 29964 | Vaults:3 | 29964 ||| RETREEEEATING.
 29965 | Vaults:3 | 29965 ||| RETREEEEATING.
 29966 | Vaults:3 | 29966 ||| RETREEEEATING.
 29967 | Vaults:3 | 29967 ||| RETREEEEATING.
 29968 | Vaults:3 | 29968 ||| RETREEEEATING.
 29969 | Vaults:3 | 29969 ||| RETREEEEATING.
 29970 | Vaults:3 | 29970 ||| RETREEEEATING.
 29971 | Vaults:3 | 29971 ||| RETREEEEATING.
 29972 | Vaults:3 | 29972 ||| RETREEEEATING.
 29973 | Vaults:3 | 29973 ||| RETREEEEATING.
 29978 | Vaults:3 | Reached XP level 19. HP: 98/108 MP: 27/27
 29991 | Vaults:3 | 29991 ||| RETREEEEATING.
 29992 | Vaults:3 | 29992 ||| RETREEEEATING.
 29994 | Vaults:3 | 29994 ||| RETREEEEATING.
 30108 | Vaults:3 | 30108 ||| INVOKING Finesse.
 30232 | Vaults:3 | 30232 ||| RETREEEEATING.
 30299 | Vaults:3 | Received a gift from Okawaru
 30324 | Vaults:3 | 30324 ||| INVOKING Finesse.
 30361 | Vaults:3 | Found a staircase to the Crypt.
 30633 | Vaults:4 | 30633 ||| RETREEEEATING.
 30634 | Vaults:4 | 30634 ||| RETREEEEATING.
 30638 | Vaults:4 | 30638 ||| RETREEEEATING.
 30639 | Vaults:4 | 30639 ||| RETREEEEATING.
 30640 | Vaults:4 | 30640 ||| RETREEEEATING.
 30641 | Vaults:4 | 30641 ||| RETREEEEATING.
 30671 | Vaults:4 | Paralysed by a formless jellyfish for 1 turns
 30792 | Vaults:4 | Received a gift from Okawaru
 30922 | Vaults:4 | 30922 ||| RETREEEEATING.
 30923 | Vaults:4 | 30923 ||| INVOKING Finesse.
 30924 | Vaults:4 | 30924 ||| INVOKING Heroism.
 30990 | Vaults:4 | 30990 ||| INVOKING Finesse.
 31059 | Vaults:4 | 31059 ||| INVOKING Finesse.
 31144 | Vaults:4 | Received a gift from Okawaru
 31249 | Vaults:4 | 31249 ||| INVOKING Finesse.
 31304 | Vaults:4 | 31304 ||| READING scroll of enchant weapon.
 31304 | Vaults:4 | 31304 ||| ENCHANTING +6 heavy arbalest.
 31959 | Vaults:4 | 31959 ||| PLANNING SHOALS:4
 32292 | Shoals:4 | Entered Level 4 of the Shoals
 32342 | Shoals:4 | 32342 ||| RETREEEEATING.
 32343 | Shoals:4 | 32343 ||| RETREEEEATING.
 32344 | Shoals:4 | 32344 ||| RETREEEEATING.
 32345 | Shoals:4 | 32345 ||| RETREEEEATING.
 32346 | Shoals:4 | 32346 ||| RETREEEEATING.
 32347 | Shoals:4 | 32347 ||| RETREEEEATING.
 32352 | Shoals:4 | 32352 ||| RETREEEEATING.
 32359 | Shoals:4 | Noticed Polyphemus
 32367 | Shoals:4 | Killed Polyphemus
 32405 | Shoals:4 | Noticed Nikola
 32406 | Shoals:4 | 32406 ||| INVOKING Finesse.
 32413 | Shoals:4 | Killed Nikola
 32432 | Shoals:4 | Received a gift from Okawaru
 32441 | Shoals:4 | Reached XP level 20. HP: 86/119 MP: 28/28
 32509 | Shoals:4 | 32509 ||| RETREEEEATING.
 32510 | Shoals:4 | 32510 ||| RETREEEEATING.
 32511 | Shoals:4 | 32511 ||| RETREEEEATING.
 32512 | Shoals:4 | 32512 ||| RETREEEEATING.
 32513 | Shoals:4 | 32513 ||| RETREEEEATING.
 32514 | Shoals:4 | 32514 ||| RETREEEEATING.
 32515 | Shoals:4 | 32515 ||| INVOKING Finesse.
 32519 | Shoals:4 | 32519 ||| INVOKING Heroism.
 32521 | Shoals:4 | Reached skill level 18 in Fighting
 32534 | Shoals:4 | 32534 ||| RETREEEEATING.
 32535 | Shoals:4 | 32535 ||| RETREEEEATING.
 32536 | Shoals:4 | 32536 ||| RETREEEEATING.
 32560 | Shoals:4 | Received a gift from Okawaru
 32581 | Shoals:4 | Identified the ring "Ijih" {rPois Str+2 Dex+2}
 32587 | Shoals:4 | 32587 ||| RETREEEEATING.
 32588 | Shoals:4 | 32588 ||| RETREEEEATING.
 32589 | Shoals:4 | 32589 ||| RETREEEEATING.
 32590 | Shoals:4 | 32590 ||| RETREEEEATING.
 32591 | Shoals:4 | 32591 ||| RETREEEEATING.
 32592 | Shoals:4 | 32592 ||| RETREEEEATING.
 32593 | Shoals:4 | 32593 ||| RETREEEEATING.
 32594 | Shoals:4 | 32594 ||| RETREEEEATING.
 32595 | Shoals:4 | 32595 ||| RETREEEEATING.
 32596 | Shoals:4 | 32596 ||| RETREEEEATING.
 32597 | Shoals:4 | 32597 ||| RETREEEEATING.
 32598 | Shoals:4 | 32598 ||| RETREEEEATING.
 32599 | Shoals:4 | 32599 ||| INVOKING Finesse.
 32614 | Shoals:4 | Reached skill level 9 in Armour
 33034 | Shoals:4 | Got a barnacled rune of Zot
 33036 | Shoals:4 | Identified the +2 war axe of Foraer {heavy, rN+ Str+2}
 33113 | Shoals:4 | 33113 ||| PLANNING DEPTHS
 33113 | Shoals:4 | 33113 ||| DROPPING ring "Ijih" {rPois Str+2 Dex+2}.
 33352 | Depths:1 | Entered Level 1 of the Depths
 33357 | Depths:1 | 33357 ||| STAIRDANCE
 33368 | Depths:1 | Received a gift from Okawaru
 33409 | Depths:1 | Noticed Sojobo
 33411 | Depths:1 | 33411 ||| RETREEEEATING.
 33413 | Depths:1 | 33413 ||| RETREEEEATING.
 33416 | Depths:1 | 33416 ||| INVOKING Finesse.
 33423 | Depths:1 | 33423 ||| RETREEEEATING.
 33424 | Depths:1 | 33424 ||| RETREEEEATING.
 33424 | Depths:1 | HP: 22/114 [tengu reaver/bolt of negative energy[Sojobo]
                  | (25)]
 33425 | Depths:1 | 33425 ||| READING 15 scrolls of teleportation.
 33426 | Depths:1 | 33426 ||| DRINKING 3 potions of heal wounds.
 33427 | Depths:1 | 33427 ||| RETREEEEATING.
 33428 | Depths:1 | 33428 ||| RETREEEEATING.
 33511 | Depths:1 | Found an iron altar of Okawaru.
 33599 | Depths:1 | 33599 ||| RETREEEEATING.
 33634 | Depths:1 | 33634 ||| INVOKING Finesse.
 33664 | Depths:1 | Paralysed by an air elemental for 1 turns
 33664 | Depths:1 | HP: 19/120 [tengu reaver/+0 great sword[Sojobo] (17)]
 33664 | Depths:1 | HP: 1/120 [Sojobo/+0 great sword of electrocution (18)]
 33664 | Depths:1 | Slain by Sojobo

Levels and vault maps discovered:
D:1:      wander_arrival_fairy_ring, layout_basic
D:2:      layout_loops_cross, minivault_11, uniq_natasha
D:3:      layout_loops_cross, mainiacjoe_overflow_surrounded_room,
          mainiacjoe_overflow_concentric_impassable,
          chequers_serial_rivers_small_3
D:4:      layout_layer_cave, lemuel_doored_altar,
          nicolae_ossuary_entry_catacombs,
          serial_library_hellmonk_recessed_alcove
D:5:      minmay_diamond_boxcup, layout_basic, serial_shops,
          kennysheep_little_box
D:6:      layout_basic, ashenzari_conservatory_becter,
          nicolae_uskayaw_en_pointe, minmay_temple_entry_statues_pillars,
          serial_corexii_hall, chequers_hall_statues_wall_a,
          chequers_hall_statues_wall_a, amethyst_killhole
D:7:      layout_basic, nicolae_overflow_crystal_walls, uniq_menkaure
D:8:      layout_basic, fedhas_altar_2, lair_entry_dummy, serial_shops, shop,
          gammafunk_ghost_hive, amcnicky_mini_pool_medium, uniq_jeremiah,
          uniq_gastronok, uniq_grum
D:9:      layout_irregular_city, mainiacjoe_overflow_alcove_1, tso_metal_star,
          tgw_kikubaaqudgha
D:10:     layout_cave_pools, minmay_orc_entry_temple_small,
          gammafunk_ghost_abyssal_escape, wad_floor_pattern_untrapped,
          uniq_snorg
D:11:     layout_long_grid, nicolae_shop_sticking_my_neck_out
D:12:     layout_irregular_city, gammafunk_ghost_stat_death, enter_trove_6,
          minivault_15
D:13:     layout_cave_pools, lightli_vaults_fourway_checkpoint, serial_demonic,
          serial_demonic_a, serial_demonic_e, serial_demonic_a,
          serial_demonic_a, uniq_kirke
D:14:     layout_cave_pools, zin_angel, uniq_azrael, uniq_jorgrun, uniq_roxanne
D:15:     hangedman_depths_entry_civil_slaughter, layout_small_grid,
          grunt_dithmenos_smoke, serial_library_hellmonk_long_bookcase
Temple:   nicolae_temple_slightly_damp_pantheon
Lair:1:   gammafunk_worm_tunnel, layout_regular_city, portal_ice_cave_rime,
          gammafunk_ghost_ooze
Lair:2:   layout_layer_cave, elwin_shoals_entry_rooms
Lair:3:   layout_regular_city, guppyfry_snake_entry_island,
          ebering_ghost_disaster_area, uniq_rupert
Lair:4:   layout_regular_city, nicolae_volcano_entry_s_turn,
          nicolae_lair_time_for_slime, uniq_sonja
Lair:5:   cheibrodos_lair_end_hotspot, layout_regular_city,
          dpeg_slime_entry_enclosed, serial_bayou_shore_b
Shoals:1: layout_shoals, serial_shops, shop, nicolae_shoals_water_booths
Shoals:2: layout_shoals
Shoals:3: layout_shoals, ebering_ghost_davey_jones, hangedman_shoals_cup_caves
Shoals:4: shoals_end_hellmonk_lost_city, uniq_polyphemus, uniq_nikola
Snake:1:  layout_gridlike, serial_shops, shop, grunt_megastairs_1,
          minmay_shop_grove, serial_bayou_shore_a, lemuel_fruit_tree
Snake:2:  layout_gridlike, serial_shops, bzr_firewalk
Snake:3:  layout_cave_shapes, serial_shops, nicolae_stop_n_shop_2
Snake:4:  johnstein_snake_rune_scales, layout_basic, special_room
Orc:1:    layout_caves
Orc:2:    grunt_orc_tribal_feast, layout_diamond_mine, serial_shops,
          nicolae_shop_rolling_square, nicolae_shop_back_alley_shop,
          minmay_orc_keep, uniq_maurice
Vaults:1: nicolae_vaults_octothorpe, nicolae_vaults_tetromino_Z_1,
          nicolae_vaults_apartment_2, v_misc_12, layout_vaults_omnigrid,
          serial_shops, nicolae_shop_crystal, uniq_boris, uniq_zenata
Vaults:2: nicolae_vaults_network_quinsquares
          [nicolae_vaults_network_quincunx_subvault,
          nicolae_vaults_network_quincunx_subvault,
          nicolae_vaults_network_quincunx_subvault,
          nicolae_vaults_network_quincunx_subvault],
          nicolae_vaults_tetromino_Z_1, nicolae_vaults_closet_pinwheel_3,
          vaults_room_grid, vaults_dpeg_ring, nicolae_vaults_little_squares_2,
          nicolae_vaults_turnstiles, vaults_room_boxed,
          nicolae_vaults_trapezoid_lopsided_1, ontoclasm_vaults_bender,
          layout_vaults_omnicross, serial_shops, shop
Vaults:3: vaults_dpeg_emergency_exit, minmay_crypt_entry_skeletal_spiral,
          v_misc_17, ontoclasm_vaults_chip, vaults_room_pool,
          ontoclasm_vaults_ligature, layout_vaults_big_room
Vaults:4: hangedman_vaults_stretched_pinwheel, nicolae_vaults_specimen_jars,
          nicolae_vaults_house_2, nicolae_vaults_lopsided_apartments,
          nicolae_vaults_puzzle_piece, vaults_dpeg_encased_lava,
          nicolae_vaults_tetromino_T_1, hangedman_vaults_capsules,
          vaults_standard_mumra_x, nicolae_vaults_trapezoid_layered,
          nicolae_vaults_closet_pinwheel_5, v_misc_11,
          ontoclasm_vaults_loading_screen, vaults_room_ringed_pool,
          nicolae_vaults_heart-shaped_vault, layout_vaults_ring
Depths:1: layout_gridlike, okawaru_ov_weapons_minmay, hell_entry,
          minmay_misc_feat_doors, nicolae_ru_great_annihilating_truth,
          uniq_sojobo

Skill      XL: |  1  2  3  4  5  6  7  8  9 10 11 12 13 14 15 16 17 18 19 20 |
---------------+-------------------------------------------------------------+-----
Dodging        | 3 4 5 6 7 10 12 13 16 17 18 19 22 25 27 | 27.0
Ranged Weapons | 5 6 7 8 9 11 13 14 16 18 | 18.0
Fighting       | 2 3 4 5 6 7 8 9 10 12 15 17 18 | 18.5
Invocations    | 4 8 10 | 10.0
Armour         | 1 2 3 4 5 7 8 9 |  9.0
Stealth        | |  1.5

Action                     |  1- 3 |  4- 6 |  7- 9 | 10-12 | 13-15 | 16-18 | 19-21 || total
---------------------------+-------+-------+-------+-------+-------+-------+-------++-------
   Fire: Shortbow          |    81 |   165 |   242 |       |       |       |       ||   488
         Arbalest          |       |       |   119 |   489 |  1439 |  1307 |   605 ||  3959
 Invoke: Heroism           |       |       |       |     2 |     1 |       |     2 ||     5
         Finesse           |       |       |       |     3 |    17 |    27 |    11 ||    58
         Receive Weapon    |       |       |       |       |     1 |       |       ||     1
         Receive Armour    |       |       |       |       |     1 |       |       ||     1
  Evoke: Wand              |       |       |       |       |     3 |     7 |       ||    10
    Use: Scroll            |     5 |     6 |    13 |     7 |    14 |     5 |     2 ||    52
         Potion            |     1 |     2 |     5 |     1 |     2 |     1 |     1 ||    13
 Armour: Robe              |     6 |    26 |    65 |    44 |    32 |       |       ||   173
         Acid dragon scale |       |       |       |       |    96 |       |       ||    96
         Swamp dragon scal |       |       |       |       |     1 |   113 |   101 ||   215
  Dodge: Dodged            |    23 |    93 |   479 |   346 |  1041 |   973 |   776 ||  3731

Table legend:
 A = Non-vault XP
 B = Vault XP
 C = Vault XP percentage of total XP
 D = Non-vault monster count
 E = Vault monster count
 F = Vault count percentage of total count
                 A         B        C        D         E       F
            +---------+---------+-------+---------+---------+-------
      Total |  344653 |  178299 |  34.1 |     962 |     351 |  26.7
            +---------+---------+-------+---------+---------+-------
        D:1 |      34 |       0 |   0.0 |      21 |       0 |   0.0
        D:2 |      37 |      35 |  48.6 |      18 |       1 |   5.3
        D:3 |     129 |       0 |   0.0 |      27 |       0 |   0.0
        D:4 |     263 |     280 |  51.6 |      14 |       6 |  30.0
        D:5 |    1341 |     623 |  31.7 |      24 |       9 |  27.3
        D:6 |     793 |       0 |   0.0 |      14 |       0 |   0.0
        D:7 |    1172 |     157 |  11.8 |      17 |       1 |   5.6
        D:8 |    2425 |    2849 |  54.0 |      24 |      13 |  35.1
        D:9 |    3410 |       0 |   0.0 |      19 |       0 |   0.0
       D:10 |    3906 |    1145 |  22.7 |      29 |       9 |  23.7
       D:11 |    2513 |       0 |   0.0 |      15 |       0 |   0.0
       D:12 |    8597 |    1044 |  10.8 |      29 |       4 |  12.1
       D:13 |    6330 |   12518 |  66.4 |      14 |      25 |  64.1
       D:14 |   12699 |    6346 |  33.3 |      36 |      12 |  25.0
       D:15 |   12008 |    3097 |  20.5 |      32 |       4 |  11.1
     Lair:1 |    7263 |     754 |   9.4 |      31 |       2 |   6.1
     Lair:2 |    5507 |    1429 |  20.6 |      28 |       3 |   9.7
     Lair:3 |    6225 |    2156 |  25.7 |      26 |       3 |  10.3
     Lair:4 |    8447 |    2749 |  24.6 |      30 |       9 |  23.1
     Lair:5 |   14040 |    1729 |  11.0 |      46 |       8 |  14.8
   Shoals:1 |   15835 |    3555 |  18.3 |      32 |       6 |  15.8
   Shoals:2 |   13275 |       0 |   0.0 |      27 |       0 |   0.0
   Shoals:3 |   18041 |    6756 |  27.2 |      30 |      12 |  28.6
   Shoals:4 |   18875 |   36455 |  65.9 |      34 |      50 |  59.5
    Snake:1 |   27092 |    4668 |  14.7 |      56 |       7 |  11.1
    Snake:2 |   13426 |       0 |   0.0 |      29 |       0 |   0.0
    Snake:3 |   31542 |       0 |   0.0 |      55 |       0 |   0.0
    Snake:4 |   15416 |   26225 |  63.0 |      30 |      41 |  57.7
      Orc:1 |    2390 |       0 |   0.0 |      19 |       0 |   0.0
      Orc:2 |    3970 |   10064 |  71.7 |      30 |      40 |  57.1
   Vaults:1 |    8563 |    5308 |  38.3 |      15 |       3 |  16.7
   Vaults:2 |   17561 |   10268 |  36.9 |      26 |      12 |  31.6
   Vaults:3 |   24654 |   13671 |  35.7 |      31 |      25 |  44.6
   Vaults:4 |   27040 |   22838 |  45.8 |      40 |      29 |  42.0
   Depths:1 |    9834 |    1375 |  12.3 |      14 |       1 |   6.7
    Ossuary |       0 |     205 | 100.0 |       0 |      16 | 100.0
            +---------+---------+-------+---------+---------+-------
